 Dungeon Crawl Stone Soup version 0.31.0-11-ge490571c62 (webtiles) character file.

Game seed: 1630818093854154068

22129 boopmooplesden the Protected (level 12, -7/103 HPs)
             Began as an Armataur Fighter on Feb 9, 2024.
             Was a High Priest of Trog.
             Mangled by Kirke (11 damage)
             ... on level 14 of the Dungeon.
             The game lasted 00:23:23 (13783 turns).

boopmooplesden the Protected (Armataur Fighter)    Turns: 13783, Time: 00:23:23

Health: -7/103     AC:  0    Str: 27    XL:     12   Next: 60%
Magic:  12/12      EV: 14    Int:  9    God:    Trog [*****.]
Gold:   427        SH:  0    Dex:  9    Spells: 11/11 levels left

rFire   . . .        c - melded +6 morningstar of Saome {freeze, ^Contam Str+7}
rCold   . . .        g - melded +1 tower shield {rF+}
rNeg    . . .        r - melded +2 plate armour {rPois}
rPois   .            P - melded +1 hat
rElec   .            O - melded +0 cloak "Etaitic" {rN+ Str+3}
rCorr   .            R - melded +0 pair of gloves
SInv    .            d - melded +3 barding {rC+}
Will    .....        (no amulet)
Stlth   ++           j - melded ring of fire
HPRegen 0.37/turn    I - melded ring of willpower
MPRegen 0.13/turn

%: roll
@: pig-form, on berserk cooldown, slowed
A: fast, no casting, small, (deformed body), (tough skin 3), (armoured tail),
roll 2, no potion heal 1
a: Renounce Religion, Berserk, Trog's Hand, Brothers in Arms


You were on level 14 of the Dungeon.
You worshipped Trog.
Trog was extremely pleased with you.
You were a filthy swine.
You visited 1 branch of the dungeon, and saw 14 of its levels.
You also visited: Ossuary and Gauntlet.

You collected 697 gold pieces.
You spent 270 gold pieces at shops.

Inventory:

Hand Weapons
 a - the +9 sling "Xicw" {heavy, MP+9 Str+3 Dex+4}
   (You took it off a minotaur in a Gauntlet)

   Str+3:     It affects your strength (+3).
   Dex+4:     It affects your dexterity (+4).
   MP+9:      It affects your magic capacity (+9).
 b - the +11 broad axe of Jacacuni {heavy, rC+ rN+}
   (You took it off a minotaur in a Gauntlet)

   rC+:       It protects you from cold.
   rN+:       It protects you from negative energy.
 c - the +6 morningstar of Saome (melded) {freeze, ^Contam Str+7}
   (You bought it in a shop on level 2 of the Dungeon)

   Str+7:     It affects your strength (+7).
   ^Contam:   It causes magical contamination when unequipped.
 y - the +3 mace "Sairghits" {venom, rPois rCorr Dex+3}
   (You found it on level 4 of the Dungeon)

   Dex+3:     It affects your dexterity (+3).
   rPois:     It protects you from poison rCorr: It protects you from acid and
   corrosion.
Missiles
 k - 7 silver javelins
 v - 4 throwing nets (quivered)
Armour
 d - a +3 barding of cold resistance (melded)
 g - a +1 tower shield of fire resistance (melded)
 r - a +2 plate armour of poison resistance (melded)
 O - the +0 cloak "Etaitic" (melded) {rN+ Str+3}
   (You found it on level 8 of the Dungeon)

   Str+3:     It affects your strength (+3).
   rN+:       It protects you from negative energy.
 P - a +1 hat (melded)
 R - a +0 pair of gloves (melded)
Jewellery
 j - a ring of fire (melded)
 A - a +4 ring of protection
 I - a ring of willpower (melded)
 J - a +6 ring of strength
 Q - a +5 ring of evasion
 T - a +4 ring of protection
 U - a +6 ring of dexterity
 V - a ring of resist corrosion
 W - a +5 ring of evasion
 Y - a +4 ring of protection
Talismans
 t - a flux talisman
Wands
 e - a wand of polymorph (8)
 f - a wand of acid (3)
 o - a wand of digging (7)
 x - a wand of flame (23)
 B - a wand of iceblast (10)
 D - a wand of mindburst (35)
 G - a wand of paralysis (11)
Scrolls
 h - a scroll of poison
 m - 6 scrolls of teleportation
 p - 3 scrolls of vulnerability
 K - a scroll of immolation
Potions
 i - 2 potions of heal wounds
 l - 3 potions of mutation
 n - 2 potions of cancellation
 s - 2 potions of magic
 z - 5 potions of invisibility
 C - 2 potions of attraction
 E - 3 potions of haste
 F - 3 potions of ambrosia
 H - a potion of resistance {unknown}
 S - 2 potions of lignification
 Z - 2 potions of might
Miscellaneous
 q - a lightning rod (4/4)
 L - a tin of tremorstones (2/2)
 M - a box of beasts
 N - a phantom mirror


   Skills:
 + Level 8.4 Fighting
 + Level 12.2 Maces & Flails
 + Level 0.6 Throwing
 + Level 13.1 Armour
 + Level 3.1 Dodging
 + Level 2.3 Stealth
 + Level 10.1 Shields
 + Level 0.2 Evocations


You had 11 spell levels left.
You didn't know any spells.
Your spell library contained the following spells:

 Spells                   Type           Power      Damage    Failure   Level
 Apportation              Tloc           0%         N/A       38%         1
 Necrotise                Necr           0%         1d4       38%         1
 Sting                    Conj/Alch      0%         1d3       38%         1
 Summon Small Mammal      Summ           0%         N/A       38%         1
 Cigotuvi's Dreadful Rot  Necr/Alch/Air  0%         N/A       52%         2
 Cause Fear               Hex            0%         N/A       99%         4
 Ignite Poison            Fire/Alch      0%         N/A       99%         4
 Fireball                 Conj/Fire      0%         3d3       100%        5
 Freezing Cloud           Conj/Ice/Air   0%         6-21      100%        5
 Dragon's Call            Summ           0%         N/A       100%        9


Dungeon Overview and Level Annotations

Branches:
Dungeon (14/15)            Temple (0/1) D:5            Lair (0/5) D:8
    Orc (0/2) D:10        Ossuary (visited)         Gauntlet (visited)
 Vaults: D:13-14

Altars:
Ashenzari
Cheibriados
Dithmenos
Fedhas
Gozag
Hepliaklqana
Nemelex Xobeh
Okawaru
Ru
Trog
Zin

Shops:
D:2 *   D:9 *   D:10 ?

Annotations:
D:14 Kirke


Innate Abilities, Weirdness & Mutations

You are a filthy swine.
You move quickly.
Your equipment is almost entirely melded.
You are incapable of wielding weapons or throwing items.
You cannot cast spells.
((Armour fits poorly on your strangely shaped body.))
((You have extremely tough skin. (AC +3)))
((You have a long armoured tail.))
You regenerate magic and health when rolling toward enemies. (Rampage Regen)
Potions are less effective at restoring your health.


Message History

The +0 cloak "Etaitic" {rN+ Str+3} melds into your body.
Your +1 hat melds into your body.
Your +0 pair of gloves melds into your body.
Your +3 barding of cold resistance melds into your body.
Your +1 tower shield of fire resistance melds into your body.
Your +2 plate armour of poison resistance melds into your body.
Your ring of fire melds into your body.
Your ring of willpower melds into your body.
The +6 morningstar of Saome {freeze, ^Contam Str+7} stops glowing.
You feel less resistant to cold.
You feel less resistant to fire.
You no longer feel resistant to poison.
Unknown command.
Something unexpectedly blocks you, preventing you from rolling!
You hit something.
Something unexpectedly blocks you, preventing you from rolling!
You barely miss something. The lindwurm bites you! The lindwurm claws you.
The lindwurm claws you! Something hits you.
Something unexpectedly blocks you, preventing you from rolling!
You hit something. The lindwurm bites you!! The lindwurm barely misses you.
The lindwurm claws you! Something hits you!
Something unexpectedly blocks you, preventing you from rolling!
You bite something! The lindwurm bites you!! The lindwurm closely misses you.
The lindwurm claws you.
You hear some strange, mumbled words.
You feel a momentary urge to oink.
Something unexpectedly blocks you, preventing you from rolling!
You miss something. The lindwurm closely misses you. The lindwurm claws you!
The lindwurm claws you. Something hits you!
* * * LOW HITPOINT WARNING * * *
Something unexpectedly blocks you, preventing you from rolling!
You miss something.
You are no longer berserk.
You are exhausted.
You feel as though you will be slow longer.
Something unexpectedly blocks you, preventing you from rolling!
You hit something but do no damage. The lindwurm bites you!!
* * * LOW HITPOINT WARNING * * *
The lindwurm closely misses you. The lindwurm completely misses you.
Something hits you!
You die...

######### ###### #..kh{hh##
.....##### #.#####hC#########
.....'...## #.....#)..........
.....###..###.###.###....C....
.....# ##...#...# #.........
.....# ###.###.# #.........
....># #.'...# ##........
.....# ###.### ########+
##+### #.......#


You could see a lindwurm (summoned), a cyclops and 3 hogs.

Vanquished Creatures
  A minotaur (Gauntlet)
  A great orb of eyes (Gauntlet)
  2 two-headed ogres (D:10)
  A centaur warrior (D:13)
  A boulder beetle (D:12)
  A sixfirhy (Gauntlet)
  Pikel (D:5)
  A shining eye (Gauntlet)
  3 ugly things
  3 cyclopes
  5 manticores
  A gargoyle (D:13)
  3 unseen horrors
  2 komodo dragons
  2 kobold demonologists (D:11)
  Jeremiah (D:7)
  4 trolls
  A hornet (D:10)
  A glass eye (Gauntlet)
  2 shadows
  A vampire (D:10)
  5 wraiths
  15 yaks
  2 wyverns
  A hog (D:14)
  A warg (shapeshifter) (D:13)
  Menkaure (D:6)
  A vampire mosquito (D:8)
  A water moccasin (D:9)
  Duvessa (D:7)
  5 orc warriors
  A sky beast (D:7)
  2 ogres
  10 centaurs
  A lemure (D:5)
  6 kobold brigands
  4 bullfrogs
  3 elf zombies (Ossuary)
  Blork the orc (D:5)
  2 gnoll sergeants (D:8)
  3 scorpions
  4 wights (D:8)
  Dowan (D:7)
  3 killer bees (D:10)
  The ghost of turdburglar the Changeling, a weakling MfSh (D:3)
  3 howler monkeys
  2 centaur zombies (Ossuary)
  2 bullfrog skeletons (D:3)
  5 hounds
  A jelly (D:5)
  10 orc priests
  A gnoll bouda (D:7)
  4 iguanas
  A sleepcap (D:4)
  13 orc wizards
  Natasha (twice) (D:3)
  A killer bee zombie (D:3)
  3 hound zombies (Ossuary)
  2 mummies (Ossuary)
  Robin (D:2)
  15 gnolls
  4 adders
  3 ufetubi (Gauntlet)
  9 adder zombies (Ossuary)
  4 dart slugs
  49 orcs
  4 bats
  6 endoplasms
  4 giant cockroaches
  4 gnoll zombies (Ossuary)
  12 goblins
  9 hobgoblins
  2 jackals (D:1)
  9 quokkas
  5 ball pythons
  4 frilled lizards
  5 jackal zombies (Ossuary)
  25 kobolds
  5 kobold zombies (Ossuary)
  6 orc zombies (Ossuary)
  6 rats
354 creatures vanquished.

Notes
Turn   | Place    | Note
-------+----------+-------------------------------------------
     0 | D:1      | boopmooplesden the Armataur Fighter began the quest for the
                  | Orb.
     0 | D:1      | Reached XP level 1. HP: 18/18 MP: 1/1
   196 | D:1      | Reached XP level 2. HP: 25/25 MP: 2/2
   220 | D:1      | Reached skill level 4 in Armour
   656 | D:1      | Reached XP level 3. HP: 25/31 MP: 3/3
  1179 | D:2      | Noticed Robin
  1191 | D:2      | Killed Robin
  1386 | D:2      | Reached XP level 4. HP: 38/38 MP: 4/4
  1580 | D:2      | Found a hazy altar of Hepliaklqana.
  1953 | D:2      | Found Qeunodee's Assorted Antiques.
  2044 | D:3      | Noticed a scorpion
  2054 | D:3      | Killed a scorpion
  2055 | D:3      | Reached XP level 5. HP: 42/45 MP: 5/5
  2074 | D:3      | Found a sacrificial altar of Ru.
  2106 | D:3      | Found a faded altar of an unknown god.
  2161 | D:3      | Found a runed translucent gate.
  2177 | D:3      | Found a runed translucent gate.
  2179 | D:3      | Found a runed translucent gate.
  2182 | D:3      | Noticed turdburglar's ghost (weakling MfSh)
  2468 | D:3      | Noticed Natasha
  2477 | D:3      | Killed Natasha
  2478 | D:3      | Reached skill level 5 in Armour
  2771 | D:3      | Killed turdburglar's ghost
  2780 | D:3      | Reached XP level 6. HP: 38/51 MP: 6/6
  2826 | D:3      | Identified a scroll of acquirement
  2826 | D:3      | Acquired a +1 barding of cold resistance
  2844 | D:3      | Noticed Natasha
  2858 | D:3      | Killed Natasha
  2996 | D:4      | Reached skill level 6 in Armour
  3207 | D:4      | Identified the +3 mace "Sairghits" {venom, rPois rCorr
                  | Dex+3}
  3294 | D:4      | Gained mutation: You regenerate magic and health when
                  | rolling toward enemies. (Rampage Regen) [Armataur growth]
  3294 | D:4      | Reached XP level 7. HP: 57/57 MP: 7/7
  3567 | D:5      | Entered Level 5 of the Dungeon
  3583 | D:5      | Found a bloodstained altar of Trog.
  3592 | D:5      | Became a worshipper of Trog the Wrathful
  3595 | D:5      | Found a sparkling altar of Nemelex Xobeh.
  3772 | D:5      | Noticed Blork the orc
  3791 | D:5      | Killed Blork the orc
  3792 | D:5      | Reached skill level 5 in Maces & Flails
  3792 | D:5      | Reached skill level 7 in Armour
  3910 | D:5      | Noticed Pikel
  3919 | D:5      | Killed Pikel
  3920 | D:5      | Reached skill level 1 in Dodging
  3920 | D:5      | Reached skill level 5 in Shields
  3920 | D:5      | Reached XP level 8. HP: 66/66 MP: 8/8
  4141 | D:5      | Reached skill level 8 in Armour
  4368 | D:5      | Found a staircase to the Ecumenical Temple.
  4445 | D:5      | Found a blossoming altar of Fedhas.
  4670 | D:6      | Found a sand-covered staircase.
  4676 | Ossuary  | Entered an ossuary
  4781 | Ossuary  | Reached * piety under Trog
  5064 | D:6      | Reached ** piety under Trog
  5074 | D:6      | Reached XP level 9. HP: 72/72 MP: 9/9
  5261 | D:6      | Noticed Menkaure
  5271 | D:6      | Killed Menkaure
  5792 | D:7      | Found a snail-covered altar of Cheibriados.
  5979 | D:7      | Noticed Jeremiah
  6061 | D:7      | Killed Jeremiah
  6216 | D:7      | Noticed Dowan
  6217 | D:7      | Noticed Duvessa
  6219 | D:7      | Killed Dowan
  6220 | D:7      | Reached skill level 1 in Stealth
  6225 | D:7      | Killed Duvessa
  6226 | D:7      | Reached skill level 5 in Fighting
  6321 | D:7      | Reached skill level 9 in Armour
  6661 | D:7      | Reached *** piety under Trog
  6798 | D:7      | Found a glowing silver altar of Zin.
  7137 | D:8      | Found an iron altar of Okawaru.
  7192 | D:8      | Reached XP level 10. HP: 79/81 MP: 10/10
  7242 | D:8      | HP: 2/78 [vampire mosquito (6)]
  7430 | D:8      | Identified the +0 cloak "Etaitic" {rN+ Str+3}
  7596 | D:8      | Found a staircase to the Lair.
  7783 | D:8      | Reached skill level 10 in Armour
  7907 | D:9      | Found Ninymmis's Assorted Antiques.
  8027 | D:2      | Bought a smoking morningstar for 270 gold pieces
  8027 | D:2      | Identified the +6 morningstar of Saome {freeze, ^Contam
                  | Str+7} (You bought it in a shop on level 2 of the Dungeon)
  8278 | D:9      | Found a broken altar of Ashenzari.
  9023 | D:10     | Entered Level 10 of the Dungeon
  9085 | D:10     | Found an opulent altar of Gozag.
  9091 | D:10     | Noticed a two-headed ogre
  9107 | D:10     | Killed a two-headed ogre
  9108 | D:10     | Reached skill level 10 in Maces & Flails
  9299 | D:10     | Reached XP level 11. HP: 90/90 MP: 11/11
  9409 | D:10     | Reached **** piety under Trog
  9466 | D:10     | Found Dorampy's Magic Scroll Shop.
  9582 | D:10     | Noticed a two-headed ogre
  9593 | D:10     | Killed a two-headed ogre
  9594 | D:10     | Reached skill level 11 in Armour
  9958 | D:10     | Found a staircase to the Orcish Mines.
 10166 | D:10     | Found a shadowy altar of Dithmenos.
 11415 | D:12     | Noticed a boulder beetle
 11442 | D:12     | Killed a boulder beetle
 11443 | D:12     | Reached skill level 12 in Armour
 11749 | D:12     | Reached ***** piety under Trog
 12178 | D:12     | Reached XP level 12. HP: 91/101 MP: 12/12
 12382 | D:13     | Noticed a centaur warrior
 12394 | D:13     | Killed a centaur warrior
 12408 | D:13     | Found a hazy altar of Hepliaklqana.
 13221 | D:14     | Found a gate leading to a gauntlet.
 13233 | Gauntlet | Entered a Gauntlet
 13233 | Gauntlet | Found a transporter.
 13244 | Gauntlet | Found a transporter.
 13278 | Gauntlet | Found a transporter.
 13310 | Gauntlet | Found a transporter.
 13323 | Gauntlet | Found a transporter.
 13333 | Gauntlet | Found a transporter.
 13336 | Gauntlet | Found a transporter.
 13338 | Gauntlet | Found a transporter.
 13353 | Gauntlet | Found a transporter.
 13355 | Gauntlet | Gained mutation: Potions are less effective at restoring
                  | your health. [a shining eye]
 13413 | Gauntlet | Found a transporter.
 13459 | Gauntlet | Noticed a great orb of eyes
 13468 | Gauntlet | Killed a great orb of eyes
 13469 | Gauntlet | Reached skill level 13 in Armour
 13483 | Gauntlet | Found a transporter.
 13498 | Gauntlet | Found a transporter.
 13501 | Gauntlet | Identified the +11 broad axe of Jacacuni {heavy, rC+ rN+}
 13501 | Gauntlet | Identified the +9 sling "Xicw" {heavy, MP+9 Str+3 Dex+4}
 13501 | Gauntlet | Noticed a minotaur
 13513 | Gauntlet | Killed a minotaur
 13514 | Gauntlet | Reached skill level 10 in Shields
 13515 | Gauntlet | Found the +4 robe of Folly {Brill Will-∞ Int+8}
 13761 | D:14     | Noticed Kirke
 13783 | D:14     | HP: 4/103 [lindwurm[Kirke] (18)]
 13783 | D:14     | Mangled by Kirke

Illustrated notes

Levels and vault maps discovered:
D:1:      nicolae_arrival_washed_ashore, layout_basic,
          chequers_serial_rivers_room_a
D:2:      layout_basic, serial_shops, shop, basic_altar, uniq_robin
D:3:      layout_loops_ring, mainiacjoe_overflow_alcove_1,
          gammafunk_ghost_necromancy, shapermc_ecumenical_altar_starsandcircs,
          minmay_misc_feat_nine_boxes, uniq_natasha
D:4:      layout_cave_pools
D:5:      layout_loops_ring, mainiacjoe_overflow_large_starburst,
          fedhas_altar_4, minmay_temple_entry_antechambers, minivault_14,
          uniq_pikel, uniq_blork_the_orc
D:6:      layout_gridville, nicolae_ossuary_entry_plus, uniq_menkaure
D:7:      layout_loops_corners, zin_scriptorium,
          mainiacjoe_overflow_surrounded_room, uniq_duvessa, uniq_jeremiah
D:8:      layout_loops_ring, okawaru_gym_becter, lair_entry_dummy,
          minmay_radiant
D:9:      layout_loops_corners, evilmike_ruin_ashenzari, nicolae_stop_n_shop_2,
          kennysheep_generic_room_4
D:10:     layout_cave_pods, mainiacjoe_overflow_six_doors_small,
          grunt_gozag_statues, hiddenorc1_lemuel, serial_shops,
          nicolae_shop_gibbet_a_chance
D:11:     layout_cave_pools
D:12:     layout_roguey
D:13:     layout_loops_ring, nicolae_hepliaklqana_hazy_memory
D:14:     layout_roguey, grunt_vaults_entry_fortified, gauntlet_entry_generic,
          nrook_mini_vaults, uniq_azrael, uniq_kirke, uniq_louise

Skill      XL: |  1  2  3  4  5  6  7  8  9 10 11 12 |
---------------+-------------------------------------+-----
Maces & Flails | 2 3 4 6 7 9 10 11 12 | 12.2
Armour         | 4 5 6 7 8 9 10 12 13 | 13.1
Fighting       | 3 4 5 6 7 8 |  8.4
Shields        | 4 5 6 7 9 10 | 10.1
Dodging        | 1 2 3 |  3.1
Stealth        | 1 2 |  2.3
Throwing       | |  0.6
Evocations     | |  0.2

Action                     |  1- 3 |  4- 6 |  7- 9 | 10-12 || total
---------------------------+-------+-------+-------+-------++-------
  Melee: Flail             |   154 |   111 |       |       ||   265
         Tailslap          |     8 |    16 |    63 |    88 ||   175
         Whip              |       |    32 |       |       ||    32
         Mace              |       |     2 |   415 |   292 ||   709
         Morningstar       |       |       |       |   234 ||   234
         Unarmed           |       |       |       |     7 ||     7
  Throw: Throwing net      |       |       |       |     2 ||     2
 Invoke: Berserk           |       |       |     2 |     6 ||     8
         Trog's Hand       |       |       |       |     2 ||     2
  Evoke: Wand              |       |       |     2 |       ||     2
    Use: Potion            |       |     2 |       |     6 ||     8
         Scroll            |       |     4 |     7 |    14 ||    25
 Armour: Scale mail        |    79 |       |       |       ||    79
         Chain mail        |    44 |   130 |   402 |   291 ||   867
         Plate armour      |       |       |       |   391 ||   391
         Skin              |       |       |       |    14 ||    14
  Dodge: Dodged            |    53 |    39 |   101 |   126 ||   319
  Block: Buckler           |    35 |    41 |   110 |    42 ||   228
         Kite shield       |       |       |       |   292 ||   292
         Tower shield      |       |       |       |    15 ||    15
